 Dungeon Crawl Stone Soup version 0.21.1-1-g345015fe64 (webtiles) character file.

5054 DwarfAlpaca the Zephyrmancer (level 10, -1/61 HPs)
             Began as a Tengu Air Elementalist on Apr 4, 2018.
             Was a Believer of Sif Muna.
             Slain by a wolf (7 damage)
             ... led by Grum
             ... on level 9 of the Dungeon.
             The game lasted 00:32:25 (10632 turns).

DwarfAlpaca the Zephyrmancer (TeAE)                Turns: 10632, Time: 00:32:26

Health: -1/61      AC:  3    Str:  8    XL:     10   Next: 56%
Magic:  0/20       EV: 13    Int: 19    God:    Sif Muna [**....]
Gold:   690        SH:  0    Dex: 15    Spells: 7/22 levels left

rFire    . . .     SeeInvis .   A - staff of death
rCold    . . .     Gourm    .   (no shield)
rNeg     + . .     Faith    .   a - +0 robe
rPois    .         Spirit   .   (helmet restricted)
rElec    .         Reflect  .   N - +0 cloak (curse)
rCorr    .         Harm     .   (no gloves)
MR       .....                  (boots unavailable)
Stlth    ++........             (no amulet)
HPRegen  0.20/turn              (no ring)
MPRegen  0.17/turn              (no ring)

@: no status effects
A: beak, talons 3, able to fly 1
a: Fly, Divine Energy, Renounce Religion


You were on level 9 of the Dungeon.
You worshipped Sif Muna.
Sif Muna was pleased with you.
You were not hungry.

You visited 2 branches of the dungeon, and saw 10 of its levels.

You collected 690 gold pieces.

Inventory:

Hand Weapons
 f - a +0 short sword
Armour
 a - a +0 robe (worn)
 N - a cursed +0 cloak (worn)
Magical Staves
 A - an uncursed staff of death (weapon)
Jewellery
 h - a cursed ring of loudness {unknown}
 i - an uncursed ring of protection from cold {unknown}
 l - a cursed ring of teleportation {unknown}
 r - an uncursed ring of resist corrosion {unknown}
 z - an uncursed ring of fire {unknown}
 H - an uncursed ring of see invisible {unknown}
 I - an uncursed ring of positive energy {unknown}
 L - an uncursed ring of poison resistance {unknown}
 M - an uncursed ring of ice {unknown}
Wands
 e - a wand of disintegration (16)
 p - a wand of polymorph (14)
 E - a wand of random effects (41)
 F - a wand of scattershot (7)
Scrolls
 d - 4 scrolls of random uselessness {unknown}
 g - 5 scrolls of remove curse {unknown}
 m - 2 scrolls of immolation {unknown}
 o - 3 scrolls of magic mapping {unknown}
 q - a scroll of fog {unknown}
 v - 3 scrolls of teleportation {unknown}
 w - 2 scrolls of fear {unknown}
 y - 4 scrolls of amnesia {unknown}
 G - a scroll of identify
 K - a scroll of torment {unknown}
Potions
 j - 3 potions of mutation
 k - a potion of lignification
 n - a potion of invisibility
 s - 2 potions of agility
 t - 2 potions of ambrosia
 u - a potion of heal wounds {unknown}
 x - 2 potions of flight
 B - 2 potions of brilliance {unknown}
 C - 4 potions of curing
 J - a potion of might {unknown}
Books
 b - a book of Air

   Spells                             Type                      Level
   a - Shock                          Conjuration/Air              1
   b - Swiftness                      Charms/Air                   2
   c - Static Discharge               Conjuration/Air              3
   d - Airstrike                      Air                          4
   e - Lightning Bolt                 Conjuration/Air              5
 D - a book of Power

   Spells                             Type                      Level
   a - Iskenderun's Battlesphere      Conjuration/Charms           5
   b - Venom Bolt                     Conjuration/Poison           5
   c - Bolt of Magma                  Conjuration/Fire/Earth       5
   d - Iron Shot                      Conjuration/Earth            6
   e - Orb of Destruction             Conjuration                  7
   f - Spellforged Servitor           Conjuration/Summoning        7
Comestibles
 c - 9 rations


   Skills:
 + Level 6.7 Fighting
 - Level 2.1 Dodging
 - Level 2.0 Stealth
 + Level 6.5 Spellcasting
 + Level 9.0 Conjurations
 * Level 12.8 Air Magic


You had 7 spell levels left.
You knew the following spells:

 Your Spells              Type           Power        Failure   Level  Hunger
a - Shock                 Conj/Air       ####         1%          1    None
b - Swiftness             Chrm/Air       ####....     1%          2    None
c - Static Discharge      Conj/Air       #####...     1%          3    ##.....
d - Airstrike             Air            ######....   1%          4    ####...
e - Lightning Bolt        Conj/Air       #####.....   3%          5    #####..


Dungeon Overview and Level Annotations

Branches:
Dungeon (9/15)             Temple (1/1) D:6
   Lair: D:8-11         Orc: D:9-12

Altars:
Ashenzari
Cheibriados
Dithmenos
Elyvilon
Fedhas
Gozag
Hepliaklqana
Kikubaaqudgha
Makhleb
Nemelex Xobeh
Okawaru
Qazlal
Ru
Sif Muna
Trog
Uskayaw
Wu Jian
Xom
Yredelemnul
Zin
The Shining One

Shops:
D:6 *   D:7 =


Innate Abilities, Weirdness & Mutations

You have a beak for a mouth.
You have claws for feet.
You can fly.


Message History

The wolf is moderately wounded.
The wolf bites you!
* * * LOW HITPOINT WARNING * * *
The wolf bites you.
* * * LOW HITPOINT WARNING * * *
Casting: Shock
Confirm with . or Enter, or press ? or * to list all spells.
You don't have enough magic to cast that spell.
You feel better. The wolf bites you!
* * * LOW HITPOINT WARNING * * *
The wolf barely misses you.
You feel better. The wolf bites you!
* * * LOW HITPOINT WARNING * * *
You feel better. The wolf bites you!
* * * LOW HITPOINT WARNING * * *
The wolf bites you but does no damage.
You feel better. The wolf bites you!
* * * LOW HITPOINT WARNING * * *
The wolf bites you!
You die...

...#. #.. ._.. #.# .h..
#.# #.. #.# ... #.# #g#
#.### #.# ## #...###)#
.#### ###...@h†.# .##>#
####.....##### .##.#
#....#...# .##.#
#.####...# .#..# #.#
#...# #...## #.# #####
.# ....># #.# . .
.....###.# #######..#.
)........#####.........
### ###


You could see a wolf.

Vanquished Creatures
  A two-headed ogre (D:9)
  The ghost of KleinerIrrer the Cleaver, a novice FoFi (D:6)
  The ghost of Schimscham the Grasshopper, an amateur GnWr (D:4)
  A hippogriff (D:7)
  A wyvern (D:6)
  Grum (D:9)
  Menkaure (D:6)
  An orc warrior (D:7)
  A necrophage (D:8)
  An ice beast (D:6)
  4 sky beasts
  A black bear (D:7)
  A phantom (D:6)
  2 ogres
  A wolf (D:9)
  2 centaurs
  4 bullfrogs
  2 scorpions
  9 wights (D:7)
  2 howler monkeys
  5 crimson imps
  A bullfrog zombie (D:5)
  2 bullfrog skeletons
  3 orc priests
  5 hounds
  A jelly (D:6)
  2 orc wizards
  Jessica (D:2)
  5 iguanas
  2 worker ants
  A hound zombie (D:7)
  A howler monkey zombie (D:6)
  4 gnolls (D:6)
  9 adders
  3 shadow imps
  An ooze (D:2)
  3 worms
  A dart slug (D:1)
  7 leopard geckos
  27 orcs
  2 ball pythons
  4 bats
  3 giant cockroaches
  4 goblins
  5 hobgoblins
  4 jackals (D:5)
  11 kobolds
  6 quokkas
  A frilled lizard (D:2)
  A jackal skeleton (D:4)
  7 rats
  2 toadstools (D:1)
172 creatures vanquished.

Vanquished Creatures (others)
  A bullfrog skeleton (D:9)
  3 orcs (D:9)
  2 toadstools (D:1)
6 creatures vanquished.

Grand Total: 178 creatures vanquished

Notes
Turn   | Place    | Note
-------+----------+-------------------------------------------
     0 | D:1      | DwarfAlpaca the Tengu Air Elementalist began the quest for the Orb.
     0 | D:1      | Reached XP level 1. HP: 10/10 MP: 4/4
   295 | D:1      | Reached XP level 2. HP: 16/16 MP: 0/6
   304 | D:1      | Learned a level 2 spell: Swiftness
  1076 | D:2      | Reached skill level 1 in Fighting
  1076 | D:2      | Reached XP level 3. HP: 20/20 MP: 0/7
  1424 | D:2      | Learned a level 3 spell: Static Discharge
  1560 | D:2      | Noticed Jessica
  1567 | D:2      | Killed Jessica
  1567 | D:2      | Reached skill level 5 in Air Magic
  1567 | D:2      | Reached XP level 4. HP: 24/25 MP: 5/8
  1683 | D:2      | Found a glowing golden altar of the Shining One.
  2233 | D:3      | Found a stormy altar of Qazlal.
  2370 | D:3      | Gained mutation: You can fly. [Tengu growth]
  2370 | D:3      | Reached XP level 5. HP: 30/30 MP: 4/10
  3272 | D:4      | Reached skill level 6 in Air Magic
  3485 | D:4      | Reached XP level 6. HP: 35/35 MP: 7/11
  3732 | D:4      | Noticed Schimscham's ghost (amateur GnWr)
  3742 | D:4      | Learned a level 4 spell: Airstrike
  3854 | D:4      | Killed Schimscham's ghost
  3854 | D:4      | Reached skill level 7 in Air Magic
  3854 | D:4      | Reached XP level 7. HP: 40/40 MP: 0/13
  4592 | D:5      | Entered Level 5 of the Dungeon
  5277 | D:5      | Found a sparkling altar of Nemelex Xobeh.
  5405 | D:5      | Reached skill level 5 in Conjurations
  5405 | D:5      | Reached skill level 8 in Air Magic
  5544 | D:5      | Found a white marble altar of Elyvilon.
  5707 | D:5      | Reached XP level 8. HP: 47/47 MP: 5/15
  6053 | D:6      | Noticed a wyvern
  6054 | D:6      | Killed a wyvern
  6054 | D:6      | Reached skill level 9 in Air Magic
  6126 | D:6      | Noticed KleinerIrrer's ghost (novice FoFi)
  6155 | D:6      | Found a staircase to the Ecumenical Temple.
  6201 | D:6      | Noticed Menkaure
  6280 | Temple   | Entered the Ecumenical Temple
  6358 | Temple   | Became a worshipper of Sif Muna the Loreminder
  6402 | D:6      | Killed Menkaure
  6773 | D:6      | Killed KleinerIrrer's ghost
  6773 | D:6      | Reached skill level 5 in Fighting
  6773 | D:6      | Reached skill level 5 in Spellcasting
  6773 | D:6      | Reached skill level 10 in Air Magic
  6773 | D:6      | Reached XP level 9. HP: 54/54 MP: 0/17
  7001 | D:6      | Reached * piety under Sif Muna
  7008 | D:6      | Learned a level 5 spell: Lightning Bolt
  7086 | D:6      | Found Gozag's Platinum Reserve.
  7086 | D:6      | Found an opulent altar of Gozag.
  7389 | D:6      | Found an iron altar of Okawaru.
  7454 | D:7      | Reached skill level 11 in Air Magic
  8559 | D:7      | Found Ymey's Jewellery Emporium.
  8739 | D:7      | Reached ** piety under Sif Muna
  8739 | D:7      | Reached XP level 10. HP: 33/60 MP: 6/19
  9075 | D:7      | Found a glowing silver altar of Zin.
  9244 | D:7      | Reached skill level 12 in Air Magic
  9571 | D:8      | Found a hide-covered altar of Uskayaw.
  9840 | D:8      | Found a basalt altar of Yredelemnul.
 10065 | D:9      | Found a shimmering altar of Xom.
 10065 | D:9      | Found a shimmering altar of Xom.
 10065 | D:9      | Found a shimmering altar of Xom.
 10069 | D:9      | Found a shimmering altar of Xom.
 10069 | D:9      | Found a shimmering altar of Xom.
 10069 | D:9      | Found a shimmering altar of Xom.
 10074 | D:9      | Found a shimmering altar of Xom.
 10074 | D:9      | Noticed a two-headed ogre
 10139 | D:9      | Killed a two-headed ogre
 10562 | D:9      | Found a sacrificial altar of Ru.
 10609 | D:9      | Found a shadowy altar of Dithmenos.
 10609 | D:9      | Noticed Grum
 10617 | D:9      | Killed Grum
 10632 | D:9      | Slain by a wolf

Skill      XL: |  1  2  3  4  5  6  7  8  9 10 |
---------------+-------------------------------+-----
Fighting       | 1 2 3 5 6 |  6.7
Conjurations   | 2 3 4 5 7 8 9 |  9.0
Air Magic      | 5 6 7 8 10 11 12 | 12.8
Spellcasting   | 3 4 5 6 |  6.5
Dodging        | |  2.1
Stealth        | |  2.0

Action                   |  1- 3 |  4- 6 |  7- 9 | 10-12 || total
-------------------------+-------+-------+-------+-------++-------
Melee: Short sword       |    14 |    30 |    19 |       ||    63
       Unarmed           |     2 |       |       |       ||     2
       Kick              |     5 |     5 |     3 |     1 ||    14
       Peck              |     2 |     3 |     3 |     1 ||     9
       Staff             |       |       |     6 |     8 ||    14
 Cast: Shock             |    38 |    72 |   140 |    73 ||   323
       Static Discharge  |       |     2 |       |       ||     2
       Airstrike         |       |     4 |    50 |    14 ||    68
       Lightning Bolt    |       |       |       |     5 ||     5
Invok: Divine Energy     |       |       |     1 |       ||     1
  Use: Scroll            |       |       |     7 |       ||     7
       Potion            |       |       |       |     4 ||     4
 Stab: Sleeping          |     1 |       |     2 |       ||     3
  Eat: Chunk             |     2 |     8 |    17 |     3 ||    30
       Ration            |       |       |     2 |     2 ||     4
Armor: Robe              |     2 |     6 |     4 |     3 ||    15
Dodge: Dodged            |    13 |    26 |    55 |    23 ||   117
